 Dungeon Crawl Stone Soup version 0.31.0-11-ge490571c62 (webtiles) character file.

Game seed: 8303406755231425516

114 Ashen the Sneak (level 4, -4/32 HPs)
             Began as a Gnoll Enchanter on Feb 2, 2024.
             Killed from afar by an orc wizard (11 damage)
             ... with a puff of flame
             ... on level 2 of the Dungeon.
             The game lasted 00:05:52 (2747 turns).

Ashen the Sneak (Gnoll Enchanter)                   Turns: 2747, Time: 00:05:52

Health: -4/32      AC:  3    Str:  8    XL:     4   Next: 98%
Magic:  1/11       EV: 19    Int: 14    God:
Gold:   123        SH:  0    Dex: 14    Spells: 11/13 levels left

rFire   . . .        k - +2 dagger (venom)
rCold   . . .        (no shield)
rNeg    . . .        b - +0 robe
rPois   .            (no helmet)
rElec   .            (no cloak)
rCorr   .            j - +0 pair of gloves
SInv    .            (no boots)
Will    .....        (no amulet)
Stlth   +++          v - +5 ring of evasion
HPRegen 0.25/turn    i - ring of flight
MPRegen 0.12/turn

%: no passive effects
@: flying
A: fangs 1, strong nose, distributed training
a: no special abilities


You were on level 2 of the Dungeon.
You visited 1 branch of the dungeon, and saw 3 of its levels.

You collected 123 gold pieces.

Inventory:

Hand Weapons
 g - a +0 rapier
 k - a +2 dagger of venom (weapon)
Armour
 b - a +0 robe (worn)
 j - a +0 pair of gloves (worn)
Jewellery
 i - a ring of flight (right hand)
 m - a +6 ring of strength
 v - a +5 ring of evasion (left hand)
Wands
 q - a wand of acid (8)
 t - a wand of charming (4)
Scrolls
 d - 2 scrolls of poison {unknown}
 e - 8 scrolls of identify {unknown}
 f - 3 scrolls of vulnerability {unknown}
 n - a scroll of enchant armour {unknown}
 s - a scroll of teleportation {unknown}
 u - a scroll of revelation {unknown}
 w - a scroll of enchant weapon {unknown}
 y - a scroll of butterflies {unknown}
 z - a scroll of fear {unknown}
Potions
 a - 2 potions of lignification {unknown}
 c - 3 potions of invisibility
 h - a potion of enlightenment {unknown}
 l - a potion of degeneration {unknown}
 o - 2 potions of curing {unknown}
 p - 2 potions of haste {unknown}
 r - a potion of heal wounds {unknown}
 x - a potion of cancellation {unknown}


   Skills:
 + Level 1.3 Fighting
 + Level 2.9 Short Blades
 + Level 1.3 Long Blades
 + Level 1.3 Axes
 + Level 1.3 Maces & Flails
 + Level 1.3 Polearms
 + Level 1.3 Staves
 + Level 1.3 Ranged Weapons
 + Level 1.3 Throwing
 + Level 1.3 Armour
 + Level 4.7 Dodging
 + Level 6.1 Stealth
 + Level 1.3 Shields
 + Level 1.3 Unarmed Combat
 + Level 5.1 Spellcasting
 + Level 1.1 Conjurations
 + Level 5.5 Hexes
 + Level 1.1 Summonings
 + Level 1.1 Necromancy
 + Level 1.1 Translocations
 + Level 1.1 Fire Magic
 + Level 1.1 Ice Magic
 + Level 1.1 Air Magic
 + Level 1.1 Earth Magic
 + Level 1.1 Alchemy
 + Level 1.5 Invocations
 + Level 1.3 Evocations
 + Level 1.2 Shapeshifting


You had 11 spell levels left.
You knew the following spells:

 Your Spells              Type           Power      Damage    Failure   Level
a - Ensorcelled Hibernat  Hex/Ice        24%        N/A       7%          2

Your spell library contained the following spells:

 Spells                   Type           Power      Damage    Failure   Level
 Confusing Touch          Hex            19%        N/A       5%          3
 Tukima's Dance           Hex            19%        N/A       5%          3
 Dazzling Flash           Conj/Hex       24%        N/A       13%         3
 Gell's Gravitas          Tloc           6%         N/A       32%         3
 Teleport Other           Tloc           6%         N/A       32%         3
 Dispersal                Tloc           3%         N/A       100%        6


Dungeon Overview and Level Annotations

Branches:
Dungeon (3/15)

Altars:

Shops:
D:2 *


Innate Abilities, Weirdness & Mutations

You have very sharp teeth.
Your uncanny sense of smell can sniff out nearby items.
Your experience applies equally to all skills.


Message History

Aiming: Ensorcelled Hibernation (safe; 7% risk of failure)
Press: ? - help, Shift-Dir - straight line, f - orc wizard
Aim: an orc wizard, wielding a +0 dagger and wearing a +0 robe (chance to affect: 46%)
The orc wizard resists with some effort.
The orc hits you with a +0 club. The orc wizard barely misses you.
Casting: Ensorcelled Hibernation (safe; 7% risk of failure)
Confirm with . or Enter, or press ? or * to list all spells.
Aiming: Ensorcelled Hibernation (safe; 7% risk of failure)
Press: ? - help, Shift-Dir - straight line, f/p - orc wizard
Aim: an orc wizard, wielding a +0 dagger and wearing a +0 robe (chance to affect: 46%)
The orc wizard resists with some effort.
The orc hits you with a +0 club. The orc wizard barely misses you.
Casting: Ensorcelled Hibernation (safe; 7% risk of failure)
Confirm with . or Enter, or press ? or * to list all spells.
Aiming: Ensorcelled Hibernation (safe; 7% risk of failure)
Press: ? - help, Shift-Dir - straight line, f/p - orc wizard
Aim: an orc wizard, wielding a +0 dagger and wearing a +0 robe (chance to affect: 46%)
The orc wizard resists with some effort.
The orc closely misses you. The orc wizard closely misses you.
You hit the orc wizard.
The orc wizard is poisoned.
The orc wizard is moderately wounded.
The orc misses you.
The orc wizard hits you but does no damage.
You completely miss the orc wizard.
The orc wizard is moderately wounded.
The orc misses you. The orc wizard completely misses you.
You closely miss the orc wizard.
The orc wizard is heavily wounded.
The orc misses you.
The orc wizard gestures at you while chanting.
The magic dart hits you.
* * * LOW HITPOINT WARNING * * *
You closely miss the orc wizard.
The orc wizard is heavily wounded.
The orc misses you.
You hit the orc.
The orc is poisoned.
The orc is moderately wounded.
The orc wizard points at you and mumbles some strange words.
The puff of flame hits you!
You die...

....# ####.#.#.## #.# .##.#
#.##......# #.# .##.#
#.........###.#
###.###.####.##...#.#
..............#...#.###########
###.###.####..#...#..........<#
..#.###.####..#...#############
...............>o.#
#.#.###.####.##o@## #.#.# #.#
#.##..# ..#.# #.####.#...#
###.# #.#....#..######## ....#
#.#.####.........# ###.#
#.#.####...#####.#
.######.#...##...# #.#
........#.^......# #.#
#.#######.#.###..# #.#


You could see an orc wizard (very poisoned) and an orc (very poisoned).

Vanquished Creatures
  Jessica (D:3)
  4 adders (D:2)
  A ribbon worm (D:3)
  5 ball pythons
  7 bats
  5 endoplasms
  2 giant cockroaches
  3 goblins
  6 hobgoblins
  4 quokkas
  5 frilled lizards
  A kobold (D:2)
  6 rats
50 creatures vanquished.

Notes
Turn   | Place    | Note
-------+----------+-------------------------------------------
     0 | D:1      | Ashen the Gnoll Enchanter began the quest for the Orb.
     0 | D:1      | Reached XP level 1. HP: 13/13 MP: 6/6
   199 | D:1      | Reached XP level 2. HP: 13/19 MP: 7/7
   294 | D:1      | Learned a level 2 spell: Ensorcelled Hibernation
  1166 | D:2      | Reached skill level 5 in Spellcasting
  1166 | D:2      | Reached XP level 3. HP: 25/25 MP: 7/9
  1354 | D:2      | Reached skill level 6 in Stealth
  1433 | D:2      | Reached skill level 1 in Invocations
  1524 | D:2      | Found Muafuup's Assorted Antiques.
  1729 | D:2      | Reached skill level 1 in Fighting
  1729 | D:2      | Reached skill level 1 in Long Blades
  1729 | D:2      | Reached skill level 1 in Axes
  1729 | D:2      | Reached skill level 1 in Maces & Flails
  1729 | D:2      | Reached skill level 1 in Polearms
  1729 | D:2      | Reached skill level 1 in Staves
  1729 | D:2      | Reached skill level 1 in Ranged Weapons
  1729 | D:2      | Reached skill level 1 in Throwing
  1729 | D:2      | Reached skill level 1 in Armour
  1729 | D:2      | Reached skill level 1 in Shields
  1729 | D:2      | Reached skill level 1 in Unarmed Combat
  1729 | D:2      | Reached skill level 1 in Evocations
  1772 | D:2      | Reached skill level 1 in Shapeshifting
  1772 | D:2      | Reached XP level 4. HP: 29/32 MP: 8/11
  2211 | D:3      | Noticed Jessica
  2316 | D:3      | Reached skill level 1 in Conjurations
  2316 | D:3      | Reached skill level 1 in Summonings
  2316 | D:3      | Reached skill level 1 in Necromancy
  2316 | D:3      | Reached skill level 1 in Translocations
  2316 | D:3      | Reached skill level 1 in Fire Magic
  2316 | D:3      | Reached skill level 1 in Ice Magic
  2316 | D:3      | Reached skill level 1 in Air Magic
  2316 | D:3      | Reached skill level 1 in Earth Magic
  2316 | D:3      | Reached skill level 1 in Alchemy
  2618 | D:3      | Killed Jessica
  2747 | D:2      | Killed from afar by an orc wizard

Illustrated notes

Levels and vault maps discovered:
D:1:      tarquinn_simple_flora_water_b, layout_basic, grunt_decor_fettered,
          serial_bayou_lagoon_b
D:2:      layout_basic, serial_shops,
          nicolae_shop_temple_entry_statues_fountains
D:3:      layout_loops_cross, dreamdust_ecumenical_altar_grove,
          ebering_ghost_disaster_area, uniq_jessica

Skill      XL: |  1  2  3  4 |
---------------+-------------+-----
Spellcasting   | 5 |  5.1
Stealth        | 6 |  6.1
Invocations    | 1 |  1.5
Fighting       | 1 |  1.3
Long Blades    | 1 |  1.3
Axes           | 1 |  1.3
Maces & Flails | 1 |  1.3
Polearms       | 1 |  1.3
Staves         | 1 |  1.3
Ranged Weapons | 1 |  1.3
Throwing       | 1 |  1.3
Armour         | 1 |  1.3
Shields        | 1 |  1.3
Unarmed Combat | 1 |  1.3
Evocations     | 1 |  1.3
Shapeshifting  | 1 |  1.2
Conjurations   | 1 |  1.1
Summonings     | 1 |  1.1
Necromancy     | 1 |  1.1
Translocations | 1 |  1.1
Fire Magic     | 1 |  1.1
Ice Magic      | 1 |  1.1
Air Magic      | 1 |  1.1
Earth Magic    | 1 |  1.1
Alchemy        | 1 |  1.1
Short Blades   | |  2.9
Dodging        | |  4.7
Hexes          | |  5.5

Action                     |  1- 3 |  4- 6 || total
---------------------------+-------+-------++-------
  Melee: Dagger            |    80 |    25 ||   105
         Rapier            |     5 |       ||     5
         Punch             |     1 |       ||     1
         Bite              |     4 |     4 ||     8
   Cast: Ensorcelled Hiber |    19 |    18 ||    37
   Stab: Sleeping          |    19 |    14 ||    33
         Distracted        |     1 |       ||     1
 Armour: Robe              |    34 |    16 ||    50
  Dodge: Dodged            |    48 |    24 ||    72
